NCAA
WEST VIRGINIA MOUNTAINEERS @ SOUTH CAROLINA GAMECOCKS
05/06/2023
 
TOP OF THE 1ST
West Virginia Mountaineers batting - Pitching for South Carolina Gamecocks : RHP Rafael Lerma
Pitching: RHP Rafael Lerma
Batting: LHB John Stone 0-0: Swinging Strike
0-1: Called Strike
0-2: Strikes out swinging
Batting: RHB Bobby Armstrong 0-0: Ball
1-0: Called Strike
1-1: Swinging Strike
1-2: Foul Ball, location: 2F
1-2: Foul Ball, location: 2F
1-2: Strikes out swinging
Batting: LHB Charlie Hughes 0-0: Ball
1-0: SINGLE (Line Drive, 8LS)
Batting: RHB Von Ford 0-0: Foul Ball, location: 2F
0-1: Ball
1-1: Ball
Wild Pitch!
Charlie Hughes to second
2-1: SINGLE (Groundball, 4M)
Charlie Hughes to third
Batting: LHB Dave Gordon 0-0: Foul Ball, location: 2F
0-1: Ball
1-1: Ball
2-1: SINGLE (Line Drive, 7S)
Charlie Hughes scores
Von Ford to second
Batting: LHB Buddy Rice 0-0: Swinging Strike
0-1: Foul Ball, location: 2F
0-2: Ground out 4-3 (Groundball, 4)
Top of the 1st over - 1 run(s), 3 hit(s), 0 error(s), 2 left on base; West Virginia 1 - South Carolina 0
BOTTOM OF THE 1ST
South Carolina Gamecocks batting - Pitching for West Virginia Mountaineers : LHP Justin Jacobson
Pitching: LHP Justin Jacobson
Batting: RHB Josh Baker 0-0: Ground out 5-3 (Groundball, 5S)
Batting: LHB Josh Pérez 0-0: Called Strike
0-1: Called Strike
0-2: Ground out 4-3 (Groundball, 34)
Batting: RHB Junior Adams 0-0: Ground out 5-3 (Groundball, 5S)
Bottom of the 1st over - 0 run(s), 0 hit(s), 0 error(s), 0 left on base; West Virginia 1 - South Carolina 0
TOP OF THE 2ND
West Virginia Mountaineers batting - Pitching for South Carolina Gamecocks : RHP Rafael Lerma
Batting: RHB Ramón Aranda 0-0: Swinging Strike
0-1: Ball
1-1: DOUBLE (Line Drive, 7D)
Batting: RHB Cal Dorsey 0-0: Called Strike
0-1: Swinging Strike
0-2: Strikes out swinging
Batting: RHB Scott Mooney 0-0: Called Strike
0-1: Called Strike
0-2: Ground out 1-3 (Groundball, 13)
Ramón Aranda to third
Batting: LHB John Stone 0-0: Called Strike
0-1: Called Strike
0-2: Ground out 5-3 (Groundball, 56)
Top of the 2nd over - 0 run(s), 1 hit(s), 0 error(s), 1 left on base; West Virginia 1 - South Carolina 0
BOTTOM OF THE 2ND
South Carolina Gamecocks batting - Pitching for West Virginia Mountaineers : LHP Justin Jacobson
Batting: RHB Ron Glass 0-0: Ball
1-0: Foul Ball, location: 2F
1-1: Ground out 6-3 (Groundball, 6)
Batting: RHB John Díaz 0-0: Called Strike
0-1: Swinging Strike
0-2: SINGLE (Groundball, 34D)
Batting: RHB Taylor Justice 0-0: Called Strike
0-1: Ball
1-1: DOUBLE (Line Drive, 9LM)
John Díaz to third
Batting: RHB Will Jones 0-0: Called Strike
0-1: Ball
1-1: Swinging Strike
1-2: Fly out, F7 (Flyball, 78M)
Runner from 3rd tags up, SCORES, throw made
Batting: RHB Carl Johnston 0-0: Ball
1-0: Ball
2-0: Swinging Strike
2-1: Ball
3-1: Base on Balls
Batting: RHB José Zúñiga 0-0: Called Strike
0-1: Ball
1-1: Fly out, F6 (Line Drive, 6)
Bottom of the 2nd over - 1 run(s), 2 hit(s), 0 error(s), 2 left on base; West Virginia 1 - South Carolina 1
TOP OF THE 3RD
West Virginia Mountaineers batting - Pitching for South Carolina Gamecocks : RHP Rafael Lerma
Batting: RHB Bobby Armstrong 0-0: Foul Ball, location: 2F
0-1: Foul Ball, location: 2F
0-2: Ball
1-2: Foul Ball, location: 2F
1-2: Ball
2-2: Foul Ball, location: 2F
2-2: Ball
3-2: Base on Balls
Batting: LHB Charlie Hughes 0-0: Ball
1-0: Ball
2-0: Called Strike
2-1: Swinging Strike
2-2: Ball
3-2: Strikes out swinging
Batting: RHB Von Ford 0-0: Called Strike
0-1: Fielders Choice at 2nd, 5-4 (Groundball, 5D)
Batting: LHB Dave Gordon 0-0: Ball
Von Ford steals 2nd base
1-0: Foul Ball, location: 2F
Single, Error in OF, E8, batter to second base
Von Ford scores
Batting: LHB Buddy Rice 0-0: Ball
1-0: Fly out, F6 (Line Drive, 6)
Top of the 3rd over - 1 run(s), 1 hit(s), 1 error(s), 1 left on base; West Virginia 2 - South Carolina 1
BOTTOM OF THE 3RD
South Carolina Gamecocks batting - Pitching for West Virginia Mountaineers : LHP Justin Jacobson
Batting: RHB Josh Baker 0-0: Ball
1-0: Swinging Strike
1-1: Ground out 6-3 (Groundball, 6)
Batting: LHB Josh Pérez 0-0: Ball
1-0: Ground out 4-3 (Groundball, 4)
Batting: RHB Junior Adams 0-0: Foul Ball, location: 2F
0-1: Ball
1-1: Ball
2-1: SINGLE (Groundball, 6)
Batting: RHB Ron Glass 0-0: Ball
Junior Adams is caught stealing 2nd base
Bottom of the 3rd over - 0 run(s), 1 hit(s), 0 error(s), 0 left on base; West Virginia 2 - South Carolina 1
TOP OF THE 4TH
West Virginia Mountaineers batting - Pitching for South Carolina Gamecocks : RHP Rafael Lerma
Batting: RHB Ramón Aranda 0-0: Called Strike
0-1: Fly out, F8 (Line Drive, 8RM)
Batting: RHB Cal Dorsey 0-0: Ball
1-0: Ball
2-0: Ball
3-0: Base on Balls
Batting: RHB Scott Mooney 0-0: Ball
1-0: Swinging Strike
1-1: Swinging Strike
1-2: Ball
2-2: Strikes out swinging
Batting: LHB John Stone 0-0: Fielders Choice at 2nd, U6 (Groundball, 6M)
Top of the 4th over - 0 run(s), 0 hit(s), 0 error(s), 1 left on base; West Virginia 2 - South Carolina 1
BOTTOM OF THE 4TH
South Carolina Gamecocks batting - Pitching for West Virginia Mountaineers : LHP Justin Jacobson
Batting: RHB Ron Glass 0-0: Ground out 5-3 (Groundball, 5)
Batting: RHB John Díaz 0-0: Ball
1-0: Ball
2-0: Called Strike
2-1: SINGLE (Groundball, 5)
Batting: RHB Taylor Justice 0-0: Ball
1-0: Foul Ball, location: 2F
1-1: Ball
2-1: Ball
3-1: Foul Ball, location: 2F
3-2: Base on Balls
John Díaz to second
Batting: RHB Will Jones 0-0: Foul Ball, location: 2F
0-1: Ball
1-1: 3-RUN HOME RUN (Flyball, 8LXD), Distance : 389 ft
Batting: RHB Carl Johnston 0-0: Swinging Strike
0-1: Foul Ball, location: 2F
0-2: Strikes out swinging
Batting: RHB José Zúñiga 0-0: Ball
1-0: Called Strike
1-1: Foul Ball, location: 2F
1-2: Strikes out swinging
Bottom of the 4th over - 3 run(s), 2 hit(s), 0 error(s), 0 left on base; West Virginia 2 - South Carolina 4
TOP OF THE 5TH
West Virginia Mountaineers batting - Pitching for South Carolina Gamecocks : RHP Rafael Lerma
Batting: RHB Bobby Armstrong 0-0: Ball
1-0: Fly out, F9 (Flyball, 9M)
Batting: LHB Charlie Hughes 0-0: Ball
1-0: Called Strike
1-1: Ball
2-1: Called Strike
2-2: Ball
3-2: Foul Ball, location: 2F
3-2: Strikes out swinging
Batting: RHB Von Ford 0-0: Called Strike
0-1: Ball
1-1: Ball
2-1: Called Strike
2-2: Ball
3-2: Base on Balls
Pitching: RHP Cameron Stevens
Batting: LHB Dave Gordon 0-0: Ground out 4-3 (Groundball, 4)
Top of the 5th over - 0 run(s), 0 hit(s), 0 error(s), 1 left on base; West Virginia 2 - South Carolina 4
BOTTOM OF THE 5TH
South Carolina Gamecocks batting - Pitching for West Virginia Mountaineers : LHP Justin Jacobson
Batting: RHB Josh Baker 0-0: Called Strike
0-1: Ball
1-1: Called Strike
1-2: Strikes out looking
Batting: LHB Josh Pérez 0-0: Ball
1-0: Called Strike
1-1: Foul Ball, location: 2F
1-2: Ground out 4-3 (Groundball, 4)
Batting: RHB Junior Adams 0-0: Foul Ball, location: 2F
0-1: Ball
1-1: Foul Ball, location: 2F
1-2: Ball
2-2: Fly out, F6 (Popup, 6)
Bottom of the 5th over - 0 run(s), 0 hit(s), 0 error(s), 0 left on base; West Virginia 2 - South Carolina 4
TOP OF THE 6TH
West Virginia Mountaineers batting - Pitching for South Carolina Gamecocks : RHP Cameron Stevens
Batting: LHB Buddy Rice 0-0: Foul Ball, location: 2F
0-1: Ball
1-1: Ground out U3 (Groundball, 3)
Batting: RHB Ramón Aranda 0-0: Foul Ball, location: 2F
0-1: Ball
1-1: Ball
2-1: Ground out 6-3 (Groundball, 6M)
Batting: RHB Cal Dorsey 0-0: Swinging Strike
0-1: Called Strike
0-2: Fly out, F7 (Line Drive, 7S)
Top of the 6th over - 0 run(s), 0 hit(s), 0 error(s), 0 left on base; West Virginia 2 - South Carolina 4
BOTTOM OF THE 6TH
South Carolina Gamecocks batting - Pitching for West Virginia Mountaineers : LHP Justin Jacobson
Batting: RHB Ron Glass 0-0: Called Strike
0-1: Ground out 5-3 (Groundball, 56)
Batting: RHB John Díaz 0-0: Ball
1-0: Ball
2-0: Ball
3-0: Called Strike
3-1: Called Strike
3-2: Foul Ball, location: 2F
3-2: Foul Ball, location: 2F
3-2: Foul Ball, location: 2F
3-2: Foul Ball, location: 2F
3-2: Foul Ball, location: 2F
3-2: Base on Balls
Pitching: LHP Curt Bennett
Batting: RHB Taylor Justice 0-0: Grounds into double play, U6-3 (Groundball, 6M)
Bottom of the 6th over - 0 run(s), 0 hit(s), 0 error(s), 0 left on base; West Virginia 2 - South Carolina 4
TOP OF THE 7TH
West Virginia Mountaineers batting - Pitching for South Carolina Gamecocks : RHP Cameron Stevens
Batting: RHB Scott Mooney 0-0: Called Strike
0-1: Ball
1-1: Fly out, F8 (Flyball, 8RD)
Batting: LHB John Stone 0-0: Ball
1-0: Foul Ball, location: 2F
1-1: Ball
2-1: Foul Ball, location: 2F
2-2: Foul Ball, location: 2F
2-2: Ground out U3 (Groundball, 3L)
Batting: RHB Bobby Armstrong 0-0: Called Strike
0-1: Foul Ball, location: 2F
0-2: Ball
1-2: Strikes out looking
Top of the 7th over - 0 run(s), 0 hit(s), 0 error(s), 0 left on base; West Virginia 2 - South Carolina 4
BOTTOM OF THE 7TH
South Carolina Gamecocks batting - Pitching for West Virginia Mountaineers : LHP Curt Bennett
Batting: RHB Will Jones 0-0: Called Strike
0-1: Called Strike
0-2: Ball
1-2: Fly out, F7 (Line Drive, 78M)
Batting: RHB Carl Johnston 0-0: Called Strike
0-1: Ground out 4-3 (Groundball, 34)
Batting: RHB José Zúñiga 0-0: Called Strike
0-1: Ground out 6-3 (Groundball, 6)
Bottom of the 7th over - 0 run(s), 0 hit(s), 0 error(s), 0 left on base; West Virginia 2 - South Carolina 4
TOP OF THE 8TH
West Virginia Mountaineers batting - Pitching for South Carolina Gamecocks : RHP Cameron Stevens
Pitching: RHP Joe Griffin
Batting: LHB Charlie Hughes 0-0: Ball
1-0: Fly out, F5 (Line Drive, 56)
Batting: RHB Von Ford 0-0: Foul Ball, location: 2F
0-1: Ground out 3-1 (Groundball, 34)
Batting: LHB Dave Gordon 0-0: Foul Ball, location: 2F
0-1: Ball
1-1: Foul Ball, location: 2F
1-2: Ground out 5-3 (Groundball, 5D)
Top of the 8th over - 0 run(s), 0 hit(s), 0 error(s), 0 left on base; West Virginia 2 - South Carolina 4
BOTTOM OF THE 8TH
South Carolina Gamecocks batting - Pitching for West Virginia Mountaineers : LHP Curt Bennett
Batting: RHB Josh Baker 0-0: Foul Ball, location: 2F
0-1: SINGLE (Groundball, 6MD)
Batting: LHB Josh Pérez 0-0: Called Strike
0-1: Ball
1-1: Ball
2-1: Ball
3-1: Bunt missed!
3-2: SINGLE (Flyball, 89S)
Josh Baker to second
Runner from 2nd tries for 3rd, SAFE, throw made to third
Now in RF: Curt Watts
Batting: RHB Junior Adams 0-0: Called Strike
0-1: Swinging Strike
0-2: Foul Ball, location: 2F
0-2: Strikes out swinging
Pitching: RHP Jack Hampton
Batting: RHB Ron Glass 0-0: Ball
1-0: Fly out, F6 (Popup, 56D)
Batting: RHB John Díaz 0-0: Ground out 5-3 (Groundball, 5)
Bottom of the 8th over - 0 run(s), 2 hit(s), 0 error(s), 2 left on base; West Virginia 2 - South Carolina 4
TOP OF THE 9TH
West Virginia Mountaineers batting - Pitching for South Carolina Gamecocks : RHP Joe Griffin
Batting: RHB Curt Watts 0-0: Ball
1-0: Called Strike
1-1: Ground out 4-3 (Groundball, 4)
Batting: RHB Ramón Aranda 0-0: Ball
1-0: Ball
2-0: Ball
3-0: Base on Balls
Pinch Hitting: RHB Vic Edwards 0-0: Ball
1-0: Ball
2-0: Fly out, F4 (Popup, 3)
Pinch Hitting: RHB Bernardo Enríquez 0-0: Called Strike
0-1: Called Strike
0-2: Ball
1-2: Strikes out swinging
Top of the 9th over - 0 run(s), 0 hit(s), 0 error(s), 1 left on base; West Virginia 2 - South Carolina 4
This league is powered by Out of the Park Baseball, the baseball management simulation game for PC, Mac and Linux
Wednesday, December 2nd, 2015 - OOTP Baseball 16.8 Build 38